 Dungeon Crawl Stone Soup version 0.31-a0-949-g57150269e1 (webtiles) character file.

Game seed: 11056487491827699622

9724 Shayle the Fighter (level 11, -13/131 HPs)
             Began as an Ogre Hexslinger on Oct 22, 2023.
             Was a Priest of Ashenzari.
             Mangled by a large slime creature (18 damage)
             ... on level 12 of the Dungeon.
             The game lasted 00:39:01 (11703 turns).

Shayle the Fighter (Ogre Hexslinger)               Turns: 11703, Time: 00:39:04

Health: -13/131    AC: 12    Str: 14    XL:     11   Next: 51%
Magic:  23/23      EV: 13    Int: 28    God:    Ashenzari [***...]
Gold:   576        SH:  0    Dex: 11    Spells: 16/27 levels left

rFire   . . .        p - +8 hand axe "Itiet" {venom, Int+4}
rCold   . . .        (no shield)
rNeg    . . .        l - +2 robe
rPois   .            (helmet restricted)
rElec   .            e - +2 cloak of Supernal Gnosis {Dev, Melee} (curse)
rCorr   .            (gloves unavailable)
SInv    +            (boots unavailable)
Will    .....        t - amulet of the Shackled Gloom {Acrobat, Elem, Fort} (curse)
Stlth   +            g - ring "Per Aspera Ad Scientiam" {Int+6, Fort, Bglg} (curse)
HPRegen 0.41/turn    F - ring of Panopticon {AC+4, Self, Melee} (curse)
MPRegen 0.18/turn

%: acrobat, clarity
@: mighty, weak-willed, studying 2 skills
A: large, unfitting armour, tough skin 1
a: Renounce Religion, Curse Item, Shatter the Chains


You were on level 12 of the Dungeon.
You worshipped Ashenzari.
Ashenzari was most pleased with you.
You visited 2 branches of the dungeon, and saw 13 of its levels.

You collected 576 gold pieces.

Inventory:

Hand Weapons
 a - a +1 sling
 p - the +8 hand axe "Itiet" (weapon) {venom, Int+4}
   (You took it off a goblin on level 3 of the Dungeon)

   Int+4:     It affects your intelligence (+4).
 y - a +2 whip of electrocution
 C - a +2 giant spiked club
Missiles
 j - 6 datura-tipped darts
Armour
 e - the cursed +2 cloak of Supernal Gnosis (worn) {Dev, Melee}
   (You found it on level 1 of the Dungeon)

   It has a curse which improves the following skills: Devices: Evocations and
   Shapeshifting.
   Melee Combat: Short Blades, Long Blades, Axes, Maces & Flails, Polearms,
   Staves and Unarmed Combat.
 l - a +2 robe (worn)
 M - +1 acid dragon scales
Jewellery
 f - a ring of resist corrosion
 g - the cursed ring "Per Aspera Ad Scientiam" (left hand) {Int+6, Fort, Bglg}
   (You found it on level 1 of the Dungeon)

   [ring of intelligence]

   Int+6:     It affects your intelligence (+6).
   It has a curse which improves the following skills: Fortitude: Armour and
   Shields.
   Beguiling: Conjurations, Hexes and Translocations.
 o - a ring of willpower
 q - a ring of protection from fire
 t - the cursed amulet of the Shackled Gloom (around neck) {Acrobat, Elem, Fort}
   (You took it off an orc on level 9 of the Dungeon)

   [amulet of the acrobat]

   Acrobat:   It increases your evasion while moving and waiting.
   It has a curse which improves the following skills: Elements: Fire Magic, Ice
   Magic, Air Magic and Earth Magic.
   Fortitude: Armour and Shields.
 u - a ring of positive energy
 v - a ring of wizardry
 D - a ring of fire
 F - the cursed ring of Panopticon (right hand) {AC+4, Self, Melee}
   (You found it on level 7 of the Dungeon)

   [ring of protection]

   AC+4:      It affects your AC (+4).
   It has a curse which improves the following skills: Introspection: Fighting
   and Spellcasting.
   Melee Combat: Short Blades, Long Blades, Axes, Maces & Flails, Polearms,
   Staves and Unarmed Combat.
 L - a ring of fire
Wands
 c - a wand of charming (10)
 n - a wand of flame (16)
 G - a wand of mindburst (2)
 I - a wand of roots (5)
Scrolls
 b - 3 scrolls of poison
 h - a scroll of teleportation
 k - 3 scrolls of immolation
 w - 2 scrolls of fog
 A - 2 scrolls of amnesia
 B - 2 scrolls of enchant weapon
 H - 2 scrolls of identify
Potions
 d - 5 potions of might
 i - 3 potions of haste
 m - 7 potions of curing
 r - a potion of enlightenment
 x - a potion of ambrosia
 z - 2 potions of attraction
 E - a potion of cancellation
 J - 2 potions of mutation
 K - 2 potions of resistance


   Skills:
 + Level 13.3(14.7) Fighting
 - Level 1.3 Ranged Weapons
 + Level 0.7(1.8) Armour
 - Level 9.6 Dodging
 + Level 4.8(7.0) Unarmed Combat
 + Level 7.4(8.9) Spellcasting
 - Level 2.6(3.9) Hexes
 + Level 5.4 Summonings
 + Level 1.2(2.2) Fire Magic
 + Level 0.8(1.6) Air Magic
 + Level 4.7(6.2) Shapeshifting


You had 16 spell levels left.
You knew the following spells:

 Your Spells              Type           Power      Damage    Failure   Level
a - Jinxbite              Hex            68%        N/A       1%          2
b - Plasma Beam           Fire/Air       11%        2x1d22    97%         6
c - Mephitic Cloud        Conj/Pois/Air  15%        N/A       11%         3

Your spell library contained the following spells:

 Spells                   Type           Power      Damage    Failure   Level
 Confusing Touch          Hex            34%        N/A       2%          3
 Sigil of Binding         Hex            34%        N/A       2%          3
 Inner Flame              Hex/Fire       29%        N/A       3%          3
 Kiss of Death            Conj/Necr      52%        2d9       4%          1
 Magic Dart               Conj           52%        1d5       4%          1
 Searing Ray              Conj           26%        2d5       6%          2
 Cause Fear               Hex            17%        N/A       9%          4
 Dimensional Bullseye     Hex/Tloc       12%        N/A       19%         4
 Fulminant Prism          Conj/Hex       12%        3d8       19%         4
 Dispel Undead            Necr           12%        3d9       41%         4
 Arcjolt                  Conj/Air       8%         1d18      65%         5


Dungeon Overview and Level Annotations

Branches:
Dungeon (12/15)            Temple (1/1) D:4            Lair (0/5) D:11
    Orc: D:9-12

Altars:
Ashenzari
Cheibriados
Dithmenos
Elyvilon
Fedhas
Gozag
Hepliaklqana
Kikubaaqudgha
Makhleb
Nemelex Xobeh
Okawaru
Qazlal
Ru
Sif Muna
Trog
Uskayaw
Vehumet
Wu Jian
Xom
Yredelemnul
Zin
The Shining One
Jiyva

Shops:
D:1 !

Annotations:
D:10 3 runed translucent doors, Xavori's ghost, journeyman OpCK


Innate Abilities, Weirdness & Mutations

You are too large for most types of armour.
You have tough skin. (AC +1)


Message History

Two slime creatures merge to form a large slime creature.
The slime creature closely misses you.
Two slime creatures merge to form a very large slime creature.
You slash the very large slime creature!
The very large slime creature is moderately wounded.
You slash the slime creature!
A giggling sprite leaps out and makes the slime creature trip over its own pseudopods.
The slime creature is severely wounded.
The jinxing sprites lose interest in you.
The very large slime creature seems less drained.
The slime creature barely misses you.
The slime creature hits you but does no damage.
You slash the very large slime creature!
The very large slime creature is moderately wounded.
You hit the slime creature.
The very large slime creature hits you!!!
The slime creature misses you.
Unknown command.
You slash the very large slime creature!
The very large slime creature is moderately wounded.
You hit the slime creature.
The slime creature is poisoned.
The very large slime creature hits you!!
* * * LOW HITPOINT WARNING * * *
The slime creature barely misses you.
Unknown command.
Okay, then.
Okay, then.
Okay, then.
You feel very mighty all of a sudden.
The very large slime creature looks more healthy.
The very large slime creature hits you!!
* * * LOW HITPOINT WARNING * * *
The slime creature completely misses you.
You slash the very large slime creature!
The very large slime creature is poisoned.
The very large slime creature is heavily wounded.
You slash the slime creature!
You kill the slime creature!
A very large slime creature splits.
The large slime creature hits you!!
You die...

#[ ## ... #.
{J.. #+ .#.#J#.
#.## ##.......
#.<# #{#^#.#.#
##.#####........
#.@J##.#.#.#.#.
####J##........
#......#.#.#.#.#
#...............
#.....#.#.#.#.#.
#..............
##+#.#.#.#.#.#.
##......... {
#.#.#.#.#


You could see a large slime creature (very poisoned) and a slime creature (very
poisoned).

Vanquished Creatures
  A two-headed ogre (D:8)
  Pikel (D:9)
  A cyclops (D:11)
  An elephant (D:11)
  A komodo dragon (D:11)
  Sigmund (D:3)
  3 slime creatures (D:12)
  A shadow (D:9)
  A wyvern (D:8)
  2 wraiths (D:10)
  18 yaks
  2 acid dragons (D:10)
  3 orc warriors
  A sky beast (D:6)
  3 black bears
  3 ogres
  6 centaurs
  4 lemures (D:9)
  A phantom (D:5)
  The ghost of Ekaitz the Digger, an amateur OpEE (D:3)
  3 kobold brigands
  5 bullfrogs
  8 wights
  4 howler monkeys
  4 hounds
  4 jellies
  3 gnoll boudas
  2 orc priests (D:9)
  Jessica (D:2)
  Ijyb (D:3)
  4 iguanas
  Natasha (thrice) (D:3)
  6 orc wizards
  18 gnolls
  8 adders
  5 ufetubi
  3 worms
  4 dart slugs
  24 orcs
  10 bats
  7 endoplasms
  8 goblins
  4 hobgoblins
  8 jackals
  6 quokkas
  7 ball pythons
  3 frilled lizards
  31 kobolds
  11 rats
260 creatures vanquished.

Vanquished Creatures (others)
  A vampire mosquito (D:8)
1 creature vanquished.

Grand Total: 261 creatures vanquished

Notes
Turn   | Place    | Note
-------+----------+-------------------------------------------
     0 | D:1      | Shayle the Ogre Hexslinger began the quest for the Orb.
     0 | D:1      | Reached XP level 1. HP: 19/19 MP: 2/2
    76 | D:1      | Reached skill level 2 in Fighting
    77 | D:1      | Reached XP level 2. HP: 27/28 MP: 3/3
   117 | D:1      | Learned a level 2 spell: Jinxbite
   154 | D:1      | Found Daipeul's Distillery.
   326 | D:1      | Reached XP level 3. HP: 30/36 MP: 4/4
   385 | D:1      | Reached skill level 3 in Fighting
   722 | D:2      | Reached XP level 4. HP: 18/45 MP: 1/5
  1163 | D:2      | Noticed Jessica
  1168 | D:2      | Killed Jessica
  1169 | D:2      | Reached skill level 4 in Fighting
  1403 | D:3      | Noticed Ijyb
  1418 | D:3      | Killed Ijyb
  1419 | D:3      | Reached XP level 5. HP: 43/55 MP: 2/6
  1479 | D:3      | Noticed Sigmund
  1490 | D:3      | Killed Sigmund
  1491 | D:3      | Reached skill level 5 in Fighting
  1491 | D:3      | Reached XP level 6. HP: 53/67 MP: 3/7
  1597 | D:3      | Identified the +8 hand axe "Itiet" {venom, Int+4}
  1680 | D:3      | Found a runed translucent door.
  1680 | D:3      | Noticed Ekaitz's ghost (amateur OpEE)
  1751 | D:3      | Noticed Natasha
  1762 | D:3      | Killed Natasha
  1763 | D:3      | Reached skill level 6 in Fighting
  2063 | D:3      | Noticed Natasha
  2073 | D:3      | Found a burning altar of Makhleb.
  2110 | D:3      | Killed Natasha
  2144 | D:3      | Noticed Natasha
  2147 | D:3      | Killed Natasha
  2257 | D:3      | Found an ornate altar of the Wu Jian Council.
  2583 | D:4      | Reached XP level 7. HP: 73/76 MP: 6/8
  2736 | D:4      | Found a staircase to the Ecumenical Temple.
  2782 | Temple   | Entered the Ecumenical Temple
  2801 | Temple   | Became a worshipper of Ashenzari the Shackled
  2835 | D:4      | Reached skill level 5 in Dodging
  2850 | D:4      | Reached skill level 7 in Fighting
  3494 | D:5      | Entered Level 5 of the Dungeon
  3550 | D:5      | Found a shadowy altar of Dithmenos.
  3826 | D:5      | Reached skill level 8 in Fighting
  3836 | D:5      | Reached XP level 8. HP: 74/89 MP: 6/9
  4202 | D:5      | Reached skill level 9 in Fighting
  5260 | D:5      | Reached skill level 10 in Fighting
  5361 | D:6      | Reached XP level 9. HP: 101/102 MP: 10/10
  6153 | D:7      | Found an iron altar of Okawaru.
  6232 | D:7      | Reached skill level 11 in Fighting
  6330 | D:7      | Found a sacrificial altar of Ru.
  6330 | D:7      | Found a shimmering blue altar of Sif Muna.
  6330 | D:7      | Found a stormy altar of Qazlal.
  6330 | D:7      | Found a glowing silver altar of Zin.
  6331 | D:7      | Found a snail-covered altar of Cheibriados.
  6332 | D:7      | Found a glowing golden altar of the Shining One.
  6335 | D:7      | Found a hide-covered altar of Uskayaw.
  6550 | D:7      | Found an ancient bone altar of Kikubaaqudgha.
  6972 | D:8      | Reached skill level 1 in Unarmed Combat
  7015 | D:8      | Reached skill level 1 in Shapeshifting
  7154 | D:8      | Noticed a two-headed ogre
  7169 | D:8      | Killed a two-headed ogre
  7450 | D:8      | Reached * piety under Ashenzari
  7450 | D:8      | Identified a scroll of acquirement
  7451 | D:8      | Acquired a manual of Spellcasting
  7484 | D:8      | Reached skill level 12 in Fighting
  7484 | D:8      | Reached XP level 10. HP: 96/115 MP: 10/12
  7615 | D:8      | Found a radiant altar of Vehumet.
  8099 | D:8      | Reached skill level 1 in Summonings
  8590 | D:9      | Noticed Pikel
  8601 | D:9      | Killed Pikel
  8875 | D:9      | Noticed Joseph
  8880 | D:9      | Joseph changed into Joseph the adder
  8880 | D:9      | Noticed Joseph
  8887 | D:9      | Killed Joseph the adder
  9137 | D:9      | Reached skill level 5 in Spellcasting
  9262 | D:9      | Reached ** piety under Ashenzari
  9602 | D:10     | Entered Level 10 of the Dungeon
  9614 | D:9      | Reached XP level 11. HP: 76/126 MP: 16/19
  9811 | D:10     | Reached skill level 13 in Fighting
 10146 | D:10     | Found a runed translucent gate.
 10147 | D:10     | Found a runed translucent gate.
 10147 | D:10     | Found a runed translucent gate.
 10149 | D:10     | Noticed a glowing orange brain
 10149 | D:10     | Noticed Xavori's ghost (journeyman OpCK)
 10154 | D:10     | Found a viscous altar of Jiyva.
 10512 | D:10     | Reached skill level 5 in Summonings
 10768 | D:11     | Identified the "Mopueril"
 10782 | D:11     | Noticed a cyclops
 11055 | D:3      | Killed Ekaitz's ghost
 11228 | D:11     | Noticed a cyclops
 11239 | D:11     | Noticed a skeletal warrior
 11240 | D:11     | Noticed a skeletal warrior
 11241 | D:11     | Killed a cyclops
 11363 | D:10     | Learned a level 6 spell: Plasma Beam
 11365 | D:10     | Reached *** piety under Ashenzari
 11464 | D:11     | Noticed a skeletal warrior
 11504 | D:11     | Noticed a skeletal warrior
 11509 | D:11     | Reached skill level 1 in Fire Magic
 11656 | D:12     | Learned a level 3 spell: Mephitic Cloud
 11702 | D:12     | HP: 5/131 [very large slime creature (29)]
 11703 | D:12     | Mangled by a large slime creature

Illustrated notes

Levels and vault maps discovered:
D:1:      dpeg_arrival_subterranean_lakeside_camping, layout_rooms,
          serial_shops, nicolae_shop_industrial_runoff, minmay_close_crescents
D:2:      layout_basic, uniq_jessica
D:3:      layout_loops_ring, nzn_wu_jian_council_hall, lightli_temple_of_fire,
          hellmonk_ghost_happy_afterlife, kennysheep_generic_room_15, uniq_ijyb,
          uniq_sigmund, uniq_natasha
D:4:      layout_basic, minmay_temple_entry_drinking_statues,
          kennysheep_generic_room_6
D:5:      kennysheep_kobold_camp, layout_rooms, mainiacjoe_overflow_catwalk,
          serial_corexii_hall, chequers_hall_statues_y, corexii_hall_statues_i
D:6:      layout_layer_cave
D:7:      minmay_general_purpose_star, layout_basic,
          mainiacjoe_overflow_chevrons, kennysheep_mini_moat, minitemple
D:8:      layout_loops_ring, mainiacjoe_overflow_cross_hatched,
          minmay_manual_mail
D:9:      layout_long_grid, minmay_sticks_and_stones, uniq_joseph, uniq_pikel
D:10:     layout_loops_cross, gammafunk_ghost_ooze, grunt_ministairs_8
D:11:     layout_irregular_city, grunt_lair_entry_orc_guard_hut,
          nicolae_figureground_sparkle
D:12:     layout_roguey [special_room_orc], erik_orc_2, serial_curves,
          eino_curves_03, eino_curves_02, hex_large, uniq_kirke
Temple:   hellmonk_temple_forest_ring

Skill      XL: |  1  2  3  4  5  6  7  8  9 10 11 |
---------------+----------------------------------+-----
Dodging        | 2 3 4 6 7 8 9 |  9.6
Fighting       | 2 3 4 5 6 8 10 12 13 | 13.3
Unarmed Combat | 2 4 |  4.8
Shapeshifting  | 2 4 |  4.7
Spellcasting   | 5 7 |  7.4
Summonings     | 4 5 |  5.4
Fire Magic     | 1 |  1.2
Ranged Weapons | |  1.3
Armour         | |  0.7
Hexes          | |  2.6
Air Magic      | |  0.8

Action                     |  1- 3 |  4- 6 |  7- 9 | 10-12 || total
---------------------------+-------+-------+-------+-------++-------
  Melee: Hand axe          |       |       |   274 |   277 ||   551
         Punch             |       |       |     7 |     7 ||    14
   Fire: Sling             |   103 |   170 |    15 |       ||   288
   Cast: Jinxbite          |     2 |    13 |     1 |    31 ||    47
 Invoke: Curse Item        |       |       |     2 |     2 ||     4
  Evoke: Wand              |       |       |    12 |    11 ||    23
    Use: Potion            |     3 |       |     4 |     3 ||    10
         Scroll            |       |     3 |    11 |     6 ||    20
   Stab: Sleeping          |       |       |     1 |       ||     1
 Armour: Robe              |    46 |    64 |   241 |   263 ||   614
  Dodge: Dodged            |    39 |    72 |   226 |   248 ||   585

Table legend: (Time is in decaauts)
 A = Elapsed time spent in this place.
 B = Non-inter-level travel time spent in this place.
 C = Inter-level travel time spent in this place.
 D = Time resting spent in this place.
 E = Time spent auto-exploring this place.
 F = Levels seen in this place.
 G = Mean time per level.
                   A        B        C        D        E       F      G
               +--------+--------+--------+--------+--------+-----+--------+
         Total |  11953 |  11267 |    686 |   1846 |   6524 |  13 |  919.5 |
       Dungeon |  11915 |  11247 |    668 |   1846 |   6524 |  12 |  992.9 |
        Temple |     37 |     19 |     18 |      0 |      0 |   1 |   37.0 |
               +--------+--------+--------+--------+--------+-----+--------+

Top non-repeatable levels by time:
     D:6: 1453 daAuts
     D:9: 1411 daAuts
     D:4: 1299 daAuts
     D:8: 1267 daAuts
    D:10: 1217 daAuts
     D:3: 1200 daAuts
     D:5: 1157 daAuts
     D:7: 973 daAuts
     D:2: 842 daAuts
     D:1: 671 daAuts
    D:11: 329 daAuts
    D:12: 92 daAuts
  Temple: 37 daAuts
